[Event "CCT Julius Baer-D2 2024"]
[Site "Online"]
[Date "2024.09.29"]
[Round "52"]
[White "Anton Guijarro, David"]
[Black "Daneshvar, Bardiya"]
[Result "0-1"]
[ECO "C65"]
[WhiteElo "2665"]
[BlackElo "2598"]
[Annotator "TA"]
[PlyCount "86"]
[EventDate "2024.09.25"]
[EventType "swiss"]
[EventCountry "NET"]
[SourceTitle "playchess.com"]
[Source "ChessBase"]
[SourceQuality "1"]
[TimeControl "600+2"]

1. e4 e5 2. Nf3 Nc6 3. Bb5 Nf6 4. d3 {[%emt 0:00:06][%cal Bd2d3,Bd3d4,Bd4d5][%mdl 32] EV=19.67. Goes to d5 (dbg))} d6 5. O-O Bd7 6. c3 g6 7. d4 {[%emt 0:00:16] C65: Ruy Lopez: Berlin Verdediging (3...Pf6), ongebruikelijke varianten en 4 0-0 Lc5.} Bg7 8. Bd3 {[%emt 0:00:05] OK 8.h3 zet een nieuwe trend.} Bg4 $146 ({Predecessor:} 8... exd4 9. cxd4 Bg4 10. d5 Ne5 11. Be2 Bxf3 12. Bxf3 O-O 13. Nc3 Re8 14. Re1 c6 15. dxc6 bxc6 {0-1 Anton Guijarro,D (2672)-Aronian,L (2725) Chessable Masters Div 2 Win rapid 2024 (1.3)}) 9. d5 {[%emt 0:00:29] OK. Wit staat beter.} Ne7 {[%emt 0:00:03] OK} 10. c4 {[%emt 0:00:04] OK} O-O {[%emt 0:00:28] OK} 11. Nc3 {[%emt 0:00:06] OK} Nh5 12. h3 {[%emt 0:00:04] OK} Bd7 {[%emt 0:00:03] Fout (0.6)} (12... Bxf3 $14 13. Qxf3 f5) 13. Re1 $16 {[%emt 0:00:07] OK} {Zwart zou moeten proberen} Nf4 {[%emt 0:00:13] Fout (0.5)} (13... b6 $14) 14. Bxf4 {[%emt 0:00:35] OK} exf4 15. Qd2 g5 {[%emt 0:00:26] OK} {Wit zou moeten proberen} 16. Nxg5 {[%emt 0:01:14] Een dynamisch paardenpaar. Fout (0.5)} (16. e5 $16) 16... Ng6 $14 {[%emt 0:00:06] OK} 17. Nf3 {[%emt 0:00:12] OK} Ne5 {[%emt 0:00:22] [#] zou overwogen moeten worden. Fout (0.5)} (17... Be5 $14) 18. Be2 $1 $16 {[%emt 0:00:15] Sterk} Nxf3+ {[%emt 0:00:03] OK} 19. Bxf3 Be5 20. Ne2 {[%emt 0:00:35][%cal Re2f4] OK} Qf6 {[%emt 0:00:12][%cal Og8h8] OK} 21. Rac1 {[%emt 0:00:39] OK} Kh8 {Wit zou moeten spelen} 22. Kh2 {[%emt 0:01:50] Fout (0.7)} (22. Kf1 $16) 22... Rg8 $14 {[%emt 0:00:06][%cal Of6h4] OK} 23. Rg1 {[%emt 0:00:07] Onnauwkeurig} Rg6 {[%emt 0:00:43][%cal Oa8g8] ...Rag8! zou dodelijk zijn. OK} 24. Rcd1 $1 {[%emt 0:00:20] Sterk} Rag8 {[%emt 0:01:17][%cal Og6h6] Hoopt vervolgens op ...Rh6! OK} 25. Nd4 $1 {[%emt 0:00:04] Sterk} Rh6 {[%emt 0:00:48][%cal Od7h3] ( -> ...Bxh3!)} (25... Bxh3 $5 {vereenvoudigt} 26. gxh3 Rxg1 27. Rxg1 Bxd4 28. Rxg8+ Kxg8 29. b3 Kf8) 26. Nf5 $1 {[%emt 0:00:07] Sterk} Bxf5 {[%emt 0:00:19] OK} 27. exf5 Bxb2 {[%emt 0:00:57] OK} 28. Rb1 {[%emt 0:00:42] OK} Bc3 $36 {[%emt 0:00:09][%mdl 2048] Zwart is actiever. OK} 29. Qc2 {[%emt 0:00:28] Houdt het spel evenwichtig. Fout (0.8)} (29. Qd3 $11) 29... b6 $17 {[%emt 0:00:03] Beste (Gemakkelijk)} 30. Rgd1 {[%emt 0:00:17] Onnauwkeurig} Be5 {[%emt 0:00:11] OK} 31. Re1 {[%emt 0:00:41] OK} Rg5 {[%emt 0:00:22][%cal Oa7a5] OK} 32. c5 {[%emt 0:00:27] Mogelijk effectiever., blijft strijden., biedt betere bescherming., de moeite van het proberen waard., absoluut cruciaal., onmisbaar.,. Verliest de partij. Fout (1.2)} dxc5 $19 {[%emt 0:00:07][%cal Rf6f5] Beste (Gemakkelijk)} 33. Qa4 {[%emt 0:00:22] Lijkt misschien efficiënter. Fout (0.5)} (33. Re2) 33... Qxf5 {[%emt 0:00:09][%cal Oa7a6] OK} ({Weersta} 33... Rxf5 34. Qxa7 Rg5 35. Re4 $17) 34. Qe8+ {[%emt 0:00:06] Onnauwkeurig} Kg7 {[%emt 0:00:03] Beste (Gemakkelijk)} 35. Rb3 Bd6 {[%emt 0:00:13][%cal Og5g2] Wit moet nu ...Rxg2+! voorkomen. OK} 36. Qd8 $2 {[%emt 0:00:05] Fout (3.1)} (36. Qe4) 36... Rhg6 {[%emt 0:01:04] Onnauwkeurig} 37. Re8 $2 {[%emt 0:00:05] [#] Stopt Rxg2+. Fout (Mat)} (37. Kh1 $19) 37... Rxg2+ $3 38. Bxg2 {[%emt 0:00:01] OK} f3+ 39. Kg1 Bh2+ $1 ({Minder sterk is} 39... fxg2 40. Rg8+ Kh6 41. Qh4+ Qh5 42. Rxg6+ fxg6 43. Qxh5+ Kxh5 44. Kxg2 $17) 40. Kf1 fxg2+ 41. Ke2 g1=Q (41... Qc2+ $142 42. Ke3 Rg3+ (42... g1=R 43. Rg8+ Kh6 44. Qh4#) 43. fxg3 g1=Q+ (43... g1=B+ $2 {slaat de verkeerde figuur.} 44. Kf3 $18) 44. Kf4 Qd4+ (44... Qxa2 45. Qg5#) 45. Re4 Qcxe4+ 46. Kg5 Qg6#) 42. Rg8+ Kh6 43. Qh4+ Qh5+ {[%emt 0:00:01] Blunder waarde: Wit=0.56/Zwart=0.38.  Fout:        	Wit=7      	Zwart=3      Onnauwkeurig:    	Wit=3      	Zwart=1      OK:         	Wit=13     	Zwart=16     Beste:        	---       	Zwart=3      Sterk:        	Wit=4      	---} 0-1

[Event "CCT Julius Baer-D2 2024"]
[Site "Online"]
[Date "2024.09.29"]
[Round "52"]
[White "Durarbayli, Vasif"]
[Black "Bortnyk, Olexandr"]
[Result "1-0"]
[ECO "B03"]
[WhiteElo "2626"]
[BlackElo "2608"]
[Annotator "TA"]
[PlyCount "76"]
[EventDate "2024.09.25"]
[EventType "swiss"]
[EventCountry "NET"]
[SourceTitle "playchess.com"]
[Source "ChessBase"]
[SourceQuality "1"]
[TimeControl "600+2"]

1. e4 Nf6 2. e5 Nd5 3. d4 d6 4. c4 Nb6 5. exd6 exd6 6. Nc3 Be7 7. Bd3 O-O 8. Nge2 Na6 9. a3 c6 {[%emt 0:00:01] White is slightly better.} 10. Qc2 h6 11. O-O Re8 12. b3 d5 13. c5 Nd7 14. b4 Nc7 15. f4 (15. Ng3 $14) 15... Bf6 $11 16. f5 {[%emt 0:00:10] Repels Ne6} b6 17. Bf4 a5 18. b5 bxc5 (18... Bb7 $1 $15 {keeps the upper hand.} 19. cxb6 Nxb6) 19. bxc6 $16 {[%emt 0:00:06] White is more active. White stays focused until the end.} c4 {[%emt 0:00:42] [#]} (19... Rxe2 $16 20. Nxe2 c4) 20. Bxc7 $1 $18 ({And not} 20. cxd7 Qxd7 21. Rae1 Ba6 (21... cxd3 22. Qxd3 Bh4 23. Rb1 $15) 22. Bxc4 dxc4 $19) 20... Qxc7 21. Nxd5 {[%emt 0:00:03] Excellent horsemanship.} Qxc6 {[%emt 0:00:13] [#]} 22. Be4 Ra6 {[%emt 0:02:36] [#]} (22... Rxe4 $142 23. Qxe4 Bb7 24. Nxf6+ Nxf6 25. Qxc6 Bxc6) 23. Ne7+ $1 Rxe7 (23... Bxe7 24. Bxc6) 24. Bxc6 Rxc6 25. Rad1 Nb6 26. Nc3 {[%emt 0:00:14] Prevents Nd5} Re3 27. Ne4 {[%emt 0:00:42] Black must now prevent d5. White is clearly winning.} Nd5 28. Qa4 Bd7 (28... Bb7 $142) 29. Qxa5 Rxe4 30. Qxd5 Re7 31. Rfe1 Rxe1+ 32. Rxe1 Rc7 33. Qd6 Rb7 34. Qc5 Rb3 35. Qd5 Bb5 {[%emt 0:00:20] [#]} 36. a4 $1 Bxa4 (36... Ba6 37. Qa8+) 37. Qa8+ Kh7 38. Qxa4 Bxd4+ {[%emt 0:00:00] Weighted Error Value: White=0.34/Black=0.37.  Mistake:       	White=1     	Black=4      Inaccurate:     	White=2     	Black=2      OK:         	White=12    	Black=7      Best:        	White=2     	---        Strong:       	White=1     	---        Brilliant:      	White=1     	---} 1-0

[Event "CCT Julius Baer-D2 2024"]
[Site "Online"]
[Date "2024.09.29"]
[Round "52"]
[White "Indjic, Aleksandar"]
[Black "Madaminov, Mukhiddin"]
[Result "1/2-1/2"]
[ECO "D55"]
[WhiteElo "2611"]
[BlackElo "2512"]
[Annotator "RC"]
[PlyCount "67"]
[EventDate "2024.09.25"]
[EventType "swiss"]
[EventCountry "NET"]
[SourceTitle "playchess.com"]
[Source "ChessBase"]
[SourceQuality "1"]
[TimeControl "600+2"]

1. d4 Nf6 2. c4 e6 3. Nc3 d5 4. Bg5 Be7 5. e3 O-O 6. Nf3 h6 7. Bxf6 Bxf6 8. Rc1 c6 9. h4 g6 10. g4 Bg7 11. g5 h5 12. e4 c5 13. dxc5 d4 14. Nb5 Nc6 15. Qd2 a6 16. Nd6 b6 17. Nxc8 bxc5 18. Nh2 Rxc8 19. f4 f5 20. e5 Qa5 21. Qxa5 Nxa5 22. Bg2 Nc6 23. Bxc6 Rxc6 24. Nf1 Rb8 25. b3 a5 26. Nd2 Bf8 27. Ke2 Kf7 28. Kd3 Ke8 29. Rb1 Kd7 30. Rb2 Rcb6 31. Rhb1 R8b7 32. a3 Kc6 33. Nf3 Rd7 34. a4 1/2-1/2

[Event "CCT Julius Baer-D2 2024"]
[Site "Online"]
[Date "2024.09.29"]
[Round "52"]
[White "Bortnyk, Olexandr"]
[Black "Durarbayli, Vasif"]
[Result "1-0"]
[ECO "C77"]
[WhiteElo "2608"]
[BlackElo "2626"]
[Annotator "TA"]
[PlyCount "83"]
[EventDate "2024.09.25"]
[EventType "swiss"]
[EventCountry "NET"]
[SourceTitle "playchess.com"]
[Source "ChessBase"]
[SourceQuality "1"]
[TimeControl "600+2"]

1. e4 e5 2. Nf3 Nc6 3. Bb5 a6 4. Ba4 Nf6 5. Qe2 b5 6. Bb3 Bc5 7. c3 d6 8. h3 {[%emt 0:00:08] C77: Ruy Lopez: 3...a6 4 La4 Pf6, Ongebruikelijke Varianten.} h6 9. O-O O-O {[%emt 0:00:08] OK} 10. Rd1 {[%emt 0:00:06] met als doel voor d4. OK. De stelling is in evenwicht.} Bb6 {[%emt 0:00:40] OK} 11. d3 Re8 {[%emt 0:00:42] Onnauwkeurig} 12. Nbd2 {[%emt 0:00:02] Beste} Be6 {[%emt 0:00:37] Onnauwkeurig} {Wit heeft de voorkeur om te spelen.} 13. Bc2 {[%emt 0:00:58] Fout (0.9)} (13. Bxe6 $11 Rxe6 14. Nf1) 13... Nh5 {[%emt 0:00:58] Hoopt vervolgens op ...Nf4. Onnauwkeurig} 14. Nf1 $1 {[%emt 0:00:08][%cal Of3e5] Sterk} Qf6 {[%emt 0:00:05] OK} 15. Kh2 $146 {[%emt 0:01:32] is verkieslijker. Fout (0.5)} (15. Be3) ({Predecessor:} 15. d4 Bc4 16. Bd3 Bxd3 17. Qxd3 d5 18. exd5 e4 19. Qc2 exf3 20. dxc6 fxg2 21. Kxg2 Qxc6+ {0-1 Norman,K (2005)-Aleksandrov,A (2496) Orsha op-A 21st 2023 (8)}) 15... d5 $11 {[%emt 0:00:36] OK} 16. Bb3 {[%emt 0:00:09] Houdt de stelling gelijk. Fout (0.5)} (16. Ng3 $11 Nxg3 17. fxg3) 16... Rad8 (16... Nf4 $5 {lijkt wild.} 17. Bxf4 dxe4 18. Qxe4 Bxb3 19. Bg5 hxg5 20. axb3 Bxf2 21. Nxg5 Qxg5 22. Qxc6 Rad8) 17. Ng3 Nxg3 {[%emt 0:00:51] OK} 18. fxg3 dxe4 19. dxe4 Rxd1 {[%emt 0:00:39] OK} 20. Qxd1 Rd8 21. Qe2 Na5 22. Bxe6 {[%emt 0:00:05] OK} Qxe6 23. b3 {[%emt 0:00:09] Stopt Qc4. OK} Nb7 24. Ba3 {[%emt 0:00:53] Afleidend Qd6. OK} Bc5 {Beter voor Wit is.} 25. Bb2 {[%emt 0:00:02] Fout (0.7)} (25. Bxc5 $15 Nxc5 26. c4) 25... f6 $17 {[%emt 0:00:06] Beste (Gemakkelijk)} 26. Nh4 {[%emt 0:00:16][%cal Bf3h4,Bh4f5,Bf5e3][%mdl 32] [#] EV=15.59. Goes to f1 (dbg)). Beste} {Beter voor Zwart is.} Bf8 {[%emt 0:00:38] Fout (0.6)} (26... Qd7 $1 $17 {...Qd2 zou dodelijk zijn.} 27. Nf5 Bf8) {De beste zet voor Wit is.} 27. Rf1 {[%emt 0:00:15] Fout (1.1)} (27. Rd1 $15) {De beste zet voor Zwart is.} 27... c5 {[%emt 0:00:24] Fout (1.0)} (27... Qd7 $17 28. Qh5 Qd3) 28. Bc1 {[%emt 0:00:05] Onnauwkeurig} {Zwart kan het beste spelen.} Nd6 {[%emt 0:00:08] Fout (0.8)} (28... c4 $17 {En nu zou ...Rd3 winnen.} 29. Ng6 cxb3 30. axb3 Bc5 (30... Qxb3 31. Qg4 $15)) 29. Rd1 $11 {[%emt 0:00:21] OK} {Zwart kan beter proberen.} Nf7 {[%emt 0:00:19] Fout (0.6)} (29... c4 $11) 30. Rxd8 $14 {[%emt 0:00:21] Beste (Gemakkelijk)} Nxd8 31. Nf5 {[%emt 0:00:01] OK} {Zwart kan het beste proberen.} Kh7 {[%emt 0:00:11] Fout (0.5)} (31... c4 $14) {Wit kan het beste proberen.} 32. Qd3 {[%emt 0:00:32] Wit is actiever. Fout (0.9)} (32. h4 $16) 32... Nf7 $11 {[%emt 0:00:02] OK} 33. c4 bxc4 {[%emt 0:00:09] OK} 34. bxc4 {Zwart kan beter kiezen.} Nd6 {[%emt 0:00:05] Fout (0.6)} (34... h5 $11) {Wit kan beter kiezen.} 35. Ne3 {[%emt 0:00:01] Fout (0.6)} (35. Nxd6 $14 Qxd6 36. Qa3) 35... Qf7 36. Ba3 Qg6 $1 {[%emt 0:00:28][%cal Rg6e4] Stopt g4. Sterk} 37. Bxc5 Nxe4 {[%emt 0:00:01] OK} 38. Bxf8 {[%emt 0:00:02] OK} Qxg3+ {[%emt 0:00:00] OK} 39. Kg1 {[%emt 0:00:01] OK} (39. Kh1 $5 Qe1+ $8 40. Kh2 Qg3+ 41. Kh1 Qe1+ 42. Kh2 Qg3+ $11) 39... Qf2+ {[%emt 0:00:20] Beste (Gemakkelijk)} 40. Kh1 {[%emt 0:00:03] OK} f5 {[%emt 0:00:04][%mdl 8192] [#] Zwart zit goed. Verliest partij (3.0)} (40... Qe1+ $1 $11 41. Kh2 Qg3+ 42. Kg1 Qf2+ 43. Kh1 Qe1+ 44. Kh2 Qg3+) 41. Nf1 $1 $18 {[%emt 0:00:03] Sterk} Qxa2 $2 {[%emt 0:00:04] Fout (11.8)} (41... Kg6 42. Kh2 Qf4+ 43. Kg1 (43. Ng3 h5 $18) 43... Qf2+ 44. Kh2 Qf4+ 45. Ng3 h5) 42. Qd7 {[%emt 0:00:03][%csl LRf5,LRg7] Blunder waarde: Wit=0.23 (precies) /Zwart=0.49. Beste.  Verliest partij:   	---       	Zwart=1      Fout:        	Wit=7      	Zwart=7      Onnauwkeurig:    	Wit=1      	Zwart=3      OK:         	Wit=9      	Zwart=10     Beste:        	Wit=4      	Zwart=2      Sterk:        	Wit=2      	Zwart=1} 1-0

[Event "CCT Julius Baer-D2 2024"]
[Site "Online"]
[Date "2024.09.29"]
[Round "52"]
[White "Daneshvar, Bardiya"]
[Black "Anton Guijarro, David"]
[Result "1/2-1/2"]
[ECO "A88"]
[WhiteElo "2598"]
[BlackElo "2665"]
[Annotator "RC"]
[PlyCount "100"]
[EventDate "2024.09.25"]
[EventType "swiss"]
[EventCountry "NET"]
[SourceTitle "playchess.com"]
[Source "ChessBase"]
[SourceQuality "1"]
[TimeControl "600+2"]

1. d4 f5 2. g3 Nf6 3. Bg2 g6 4. c4 Bg7 5. Nc3 O-O 6. Nf3 d6 7. O-O c6 8. Qb3 Kh8 9. Rd1 Na6 10. Qc2 Qc7 11. Bf4 Nh5 12. Bg5 f4 13. Qd2 e5 14. dxe5 dxe5 15. Bd8 Qf7 16. Ng5 Qg8 17. Nge4 Be6 18. Be7 Rfe8 19. Bh4 h6 20. Bf3 Bxc4 21. Nd6 Rf8 22. Be7 fxg3 23. hxg3 Rxf3 24. exf3 Be6 25. Nxb7 Qf7 26. Nc5 Qxe7 27. Nxa6 Rf8 28. Ne4 Qf7 29. Qe3 Nf6 30. Nxf6 Qxf6 31. Nc5 Bd5 32. Rxd5 cxd5 33. Nd7 d4 34. Qa3 Qxf3 35. Nxf8 Qxa3 36. Nxg6+ Kh7 37. bxa3 Kxg6 38. f3 Kf5 39. Kf2 e4 40. fxe4+ Kxe4 41. Rb1 Kd3 42. Rd1+ Kc2 43. Ke2 h5 44. Rd2+ Kc3 45. Rd3+ Kc2 46. a4 a5 47. Rd2+ Kc3 48. Rd3+ Kc2 49. Rd2+ Kc3 50. Rd3+ Kc2 1/2-1/2

[Event "CCT Julius Baer-D2 2024"]
[Site "Online"]
[Date "2024.09.29"]
[Round "52"]
[White "Bok, Benjamin"]
[Black "Lazavik, Denis"]
[Result "1/2-1/2"]
[ECO "D37"]
[WhiteElo "2596"]
[BlackElo "2578"]
[Annotator "RC"]
[PlyCount "73"]
[EventDate "2024.09.25"]
[EventType "swiss"]
[EventCountry "NET"]
[SourceTitle "playchess.com"]
[Source "ChessBase"]
[SourceQuality "1"]
[TimeControl "600+2"]

1. d4 Nf6 2. c4 e6 3. Nf3 d5 4. Nc3 Be7 5. Bf4 O-O 6. a3 Nbd7 7. Nb5 Ne8 8. e3 a6 9. Nc3 dxc4 10. Bxc4 b5 11. Be2 c5 12. dxc5 Nxc5 13. Qxd8 Bxd8 14. Rd1 Bb7 15. b4 Ne4 16. Nxe4 Bxe4 17. Ne5 Nf6 18. f3 Bb7 19. e4 Bb6 20. Bg3 Rfd8 21. Rxd8+ Rxd8 22. Bf2 Bc7 23. Nd3 Nd7 24. O-O Kf8 25. Rc1 Rc8 26. Be3 Ke7 27. Kf2 Bd6 28. Rxc8 Bxc8 29. g3 e5 30. h4 h5 31. Bd1 g6 32. Bb3 Bb7 33. Ke2 Bc6 34. Ba2 Bb7 35. Bb3 Bc6 36. Ba2 Bb7 37. Bb3 1/2-1/2

[Event "CCT Julius Baer-D2 2024"]
[Site "Online"]
[Date "2024.09.29"]
[Round "52"]
[White "Lazavik, Denis"]
[Black "Bok, Benjamin"]
[Result "1-0"]
[ECO "E24"]
[WhiteElo "2578"]
[BlackElo "2596"]
[Annotator "TA"]
[PlyCount "111"]
[EventDate "2024.09.25"]
[EventType "swiss"]
[EventCountry "NET"]
[SourceTitle "playchess.com"]
[Source "ChessBase"]
[SourceQuality "1"]
[TimeControl "600+2"]

1. d4 Nf6 2. c4 e6 3. Nc3 Bb4 4. f3 c5 5. a3 Bxc3+ 6. bxc3 Nc6 7. e4 d6 8. Ne2 {[%emt 0:00:03] E24: Nimzo-Indian: Sämisch: Unusual Black 5th moves and 5...c5 sidelines.} b6 9. Ng3 $1 {[%emt 0:00:02][%mdl 4] now scores much better than the old 9.Bg5.} Na5 10. Bd3 Ba6 11. O-O Qc7 $146 ({Predecessor:} 11... Qd7 12. Qe2 O-O-O 13. a4 h6 14. Be3 Kb8 15. Rfb1 Rc8 16. e5 Ne8 17. exd6 cxd4 18. cxd4 Bxc4 {1-0 Wanyama,H (2262)-Shuvalova,P (2492) Titled Tuesday intern op 04th Oct Late blitz 2022 (1)}) 12. Bg5 Nd7 13. f4 f6 14. e5 O-O-O 15. exf6 gxf6 16. Bh4 Bxc4 17. Bxc4 Nxc4 18. Qe2 cxd4 19. cxd4 Rde8 20. Ne4 f5 21. Qxc4 fxe4 22. Qb4 Nb8 23. Rac1 Nc6 24. Qb5 Kb7 25. f5 a6 26. Qb3 Rhf8 27. fxe6 Qg7 28. Rfd1 Qh6 29. Qd5 Rc8 30. Bg3 (30. Qxe4 $2 $19) 30... Rfe8 31. Qxd6 $2 (31. Qxe4 Rxe6 32. Qf3 Rf6 $14) (31. Rc3 $18 Qxe6 32. Qxe6 Rxe6 33. d5) 31... Red8 $1 $14 32. Qf4 Qxe6 33. Re1 Rxd4 34. Bf2 Rd5 ({Black should try} 34... e3 $11 35. Qxe3 (35. Rxe3 Ne5 $11) 35... Qxe3 36. Rxe3 Rcd8) 35. Qe3 (35. Rxe4 $14 Qd6 36. Qxd6 Rxd6 37. Rb1) 35... Nd4 $2 (35... Rb5 $11 {and Black stays safe.}) 36. Rxc8 $18 (36. Qxe4 $2 Qxe4 37. Rxe4 Rxc1+ $19) 36... Kxc8 37. Qc3+ Nc6 38. Qh8+ Kb7 39. Qxh7+ Rd7 40. Qh4 (40. Qxe4 $18 {is more deadly.} Qxe4 41. Rxe4) 40... Re7 $16 41. h3 (41. Qf4 $16) 41... a5 (41... Qb3 $11) 42. Qg3 (42. Qf4 $16) 42... Ka6 (42... a4 $11 {keeps the balance.}) 43. Qe3 Nd8 $2 (43... Nb8 $16 {is a better chance.} 44. Bh4 Re8) 44. Rb1 $18 Rb7 45. Qe2+ Ka7 46. Rb5 Nc6 47. Qe3 Ne7 (47... Qf6 $142 48. Rxb6 (48. Qxe4 Qa1+ 49. Kh2 Qc3 $18) 48... Kb8 49. Qxe4 Rxb6) 48. Rxa5+ $18 Kb8 49. Bg3+ Kc8 50. Re5 Qg6 51. Rxe4 Nf5 52. Rc4+ (52. Qc3+ $142 Kd8 53. Qh8+ Kd7 54. Qe5 b5 55. Qd5+ Kc8 56. Re6 Ne7 57. Qc5+ Kd8 58. Qd6+ (58. Rxg6 Nxg6 59. Qd6+ Rd7 60. Qxg6 Re7 61. Bh4 Kd7 62. Qd3+ Ke8 63. Qxb5+ Kf7) 58... Ke8 59. Rxg6 (59. Rxe7+ Rxe7 60. Qxg6+ Kd7 61. Qf5+ Kc6 62. Qf6+ Kd7 63. Bh4 Re4 64. Qf5+ Re6)) 52... Kd7 53. Qd3+ Ke7 54. Rg4 (54. Qe4+ $142 Kf7 55. Qxb7+ Ne7 56. Rf4+ Ke8 57. Qb8+ Kd7 58. Rd4+ Ke6 59. Rd6+ (59. Qxb6+ Kf7 60. Rf4+ Nf5 61. Qc7+ Ke8 62. Qc8+ Ke7 63. Re4+ Kf7 64. Qe8+ Kg7) 59... Kf7 60. Rxg6) 54... Qf7 55. Rf4 (55. Re4+ $142 Kf6 56. Be5+ Ke7 57. Bg7+ Qe6 58. Rxe6+ Kxe6 59. Qe4+ Kf7 60. Qxb7+ Ke6 61. Qe4+ (61. Qxb6+ Kd7 62. Qb5+ Ke6 63. Qe5+ Kd7 64. Qxf5+ Kd6 65. Bd4 Kc6 66. Qe6+ Kb5) 61... Kd7 62. Qxf5+ Kd6 63. Kh1) 55... Rd7 $18 56. Qxf5 1-0

[Event "CCT Julius Baer-D2 2024"]
[Site "Online"]
[Date "2024.09.29"]
[Round "52"]
[White "Madaminov, Mukhiddin"]
[Black "Indjic, Aleksandar"]
[Result "0-1"]
[ECO "B51"]
[WhiteElo "2512"]
[BlackElo "2611"]
[Annotator "TA"]
[PlyCount "128"]
[EventDate "2024.09.25"]
[EventType "swiss"]
[EventCountry "NET"]
[SourceTitle "playchess.com"]
[Source "ChessBase"]
[SourceQuality "1"]
[TimeControl "600+2"]

1. e4 c5 2. Nf3 d6 3. Bb5+ Nd7 4. a4 Ngf6 5. Nc3 g6 6. a5 {[%emt 0:00:05] B51: Sicilian: Moscow Variation (3 Bb5+) without 3...Bd7.} a6 7. Be2 Bg7 8. O-O b5 9. axb6 Bb7 10. d3 O-O 11. Nd2 Nxb6 12. Nb3 Qc7 13. Na5 Bc8 14. Bd2 $146 ({Predecessor:} 14. Bg5 e5 15. Qd2 Be6 16. Bf3 Nfd7 17. b3 Rae8 18. Nc4 Nb8 19. h3 Kh8 20. Bg4 {½-½ Robson,R (2669)-Shankland,S (2714) USA-ch Saint Louis 2021 (3)}) 14... Rb8 15. Qc1 Re8 16. Bh6 Bh8 17. Re1 Bg4 18. h3 Bxe2 19. Rxe2 Nfd7 20. Be3 Ra8 21. Ra2 e6 22. Qd2 d5 23. exd5 Nxd5 24. Nxd5 exd5 25. Bh6 Rxe2 26. Qxe2 Nf6 27. Ra1 Re8 28. Qd2 Qb6 29. Re1 Qxb2 30. Rxe8+ Nxe8 31. Qe3 (31. Nb3 $1 $11 {remains equal.}) 31... Qa1+ $17 32. Kh2 Qe5+ 33. Bf4 Qxe3 34. fxe3 Bc3 35. Nc6 Kg7 36. Ne7 Nf6 37. Nc8 (37. Bd6 $17) 37... Nd7 $1 $19 38. Ne7 a5 $1 39. Nxd5 Bb2 $1 40. e4 (40. Bg3 {is the only way for White.}) 40... a4 $19 41. Bd2 a3 42. Nc3 Ne5 43. Na2 Nc6 (43... c4 $19 44. dxc4 Nxc4) 44. Kg3 Kf6 45. Kf2 Ke5 ({Black should play} 45... c4 $1 $17 46. Ke3 cxd3 47. Kxd3 Ne5+ 48. Ke2 h5) 46. Ke3 $2 {[%emt 0:00:18] [#]} (46. c3 $15) 46... c4 $2 (46... Nd4 $1 $19 {[%cal Rd4c2][%mdl 512] has better winning chances.} 47. Ba5 Nxc2+ 48. Kd2 Nd4) 47. c3 $17 cxd3 $1 48. Kxd3 h5 49. Bh6 Ke6 (49... Nd8 $17 {aiming for ...Ne6.} 50. g3 Ne6) 50. Kc2 Ke5 (50... Nd8 $15 51. Bf4 Nb7) 51. Kd3 $17 Nd8 52. Nb4 $2 (52. g3 $17) 52... Ne6 $19 53. Be3 $2 (53. Nc6+ Kf6 54. Kc2) 53... Nf4+ $19 54. Bxf4+ Kxf4 55. c4 Be5 56. c5 Kg3 57. Kc2 Kxg2 58. Kb3 Kxh3 59. Nc6 Bc7 60. Ne7 h4 61. Nd5 Be5 62. Kxa3 Kg3 63. Ne3 h3 64. Nc4 Bc7 0-1

[Event "CCT Julius Baer-D2 2024"]
[Site "Online"]
[Date "2024.09.29"]
[Round "53"]
[White "Indjic, Aleksandar"]
[Black "Daneshvar, Bardiya"]
[Result "1-0"]
[ECO "E20"]
[WhiteElo "2611"]
[BlackElo "2598"]
[Annotator "RC"]
[PlyCount "85"]
[EventDate "2024.09.25"]
[EventType "swiss"]
[EventCountry "NET"]
[SourceTitle "playchess.com"]
[Source "ChessBase"]
[SourceQuality "1"]
[TimeControl "600+2"]

1. d4 Nf6 2. c4 e6 3. Nc3 Bb4 4. f3 d5 5. a3 Be7 6. e4 dxe4 7. fxe4 c5 8. d5 exd5 9. exd5 O-O 10. Be2 a6 11. Nf3 Bd6 12. O-O Bg4 13. Nh4 Bxe2 14. Qxe2 Re8 15. Qf3 Nbd7 16. Nf5 Be5 17. Bg5 Qb6 18. Rab1 Qb3 19. d6 Qxc4 20. Qxb7 Qg4 21. Bxf6 Nxf6 22. d7 Rf8 23. Nd5 Rad8 24. Nxf6+ Bxf6 25. Rbd1 Qe2 26. b4 cxb4 27. axb4 Rb8 28. Qc6 Rfd8 29. Rfe1 Qb5 30. Qe4 h5 31. Ne7+ Bxe7 32. Qxe7 Qb6+ 33. Kh1 Qf6 34. Qc5 h4 35. h3 Rf8 36. Rd6 Qf4 37. Rd4 Qf2 38. Red1 Rfd8 39. Qe7 f6 40. Qe6+ Kf8 41. Re4 Qg3 42. Qe7+ Kg8 43. Rg4 1-0

[Event "CCT Julius Baer-D2 2024"]
[Site "Online"]
[Date "2024.09.29"]
[Round "53"]
[White "Bortnyk, Olexandr"]
[Black "Lazavik, Denis"]
[Result "0-1"]
[ECO "C65"]
[WhiteElo "2608"]
[BlackElo "2578"]
[Annotator "RC"]
[PlyCount "116"]
[EventDate "2024.09.25"]
[EventType "swiss"]
[EventCountry "NET"]
[SourceTitle "playchess.com"]
[Source "ChessBase"]
[SourceQuality "1"]
[TimeControl "600+2"]

1. e4 e5 2. Nf3 Nc6 3. Bb5 Nf6 4. Qe2 Bc5 5. c3 O-O 6. O-O d6 7. Bxc6 bxc6 8. d4 exd4 9. cxd4 Bb6 10. h3 Re8 11. e5 Bf5 12. Rd1 Nd5 13. Bg5 f6 14. Bh4 Qd7 15. Nc3 Nf4 16. Qf1 fxe5 17. dxe5 d5 18. Bg3 Ne6 19. Rac1 Rf8 20. Nh4 h6 21. b4 Bh7 22. a4 a6 23. b5 axb5 24. axb5 d4 25. Qc4 c5 26. Nd5 Be4 27. Nc3 Bh7 28. Nd5 Kh8 29. Ra1 Rxa1 30. Rxa1 Be4 31. Nc3 Bh7 32. Nd5 d3 33. Rd1 Rd8 34. Nf4 Nxf4 35. Bxf4 Qd5 36. Qxd5 Rxd5 37. e6 Kg8 38. Nf3 Bf5 39. Re1 Kf8 40. g4 Ba5 41. Bd2 Bxd2 42. Nxd2 Bh7 43. f4 c4 44. Nxc4 Rd4 45. e7+ Ke8 46. Nd2 Rxf4 47. Kg2 Rb4 48. Kf3 Rxb5 49. Rc1 c5 50. Kf4 Kxe7 51. Ke5 Rb2 52. Nf3 Re2+ 53. Kf4 Rc2 54. Ra1 g5+ 55. Kg3 Be4 56. Re1 Re2 57. Rc1 Re3 58. Rxc5 Rxf3+ 0-1